 Dungeon Crawl Stone Soup version 0.29.1-12-g30fa7ad0bf (webtiles) character file.

Game seed: 9729869314900220914

129 ThatPearl the Ruffian (level 5, 0/46 HPs)
             Began as a Ghoul Warper on Jan 7, 2023.
             Slain by a quasit (1 damage)
             ... in a sewer.
             The game lasted 00:06:03 (1883 turns).

ThatPearl the Ruffian (Ghoul Warper)                Turns: 1883, Time: 00:06:03

Health: 0/46       AC:  6    Str: 17    XL:     5   Next: 12%
Magic:  4/6        EV:  2    Int:  8    God:
Gold:   67         SH:  0    Dex: -8 (8) Spells: 5/7 levels left

rFire   . . .      SeeInvis .     - Unarmed
rCold   + . .      Faith    .   (no shield)
rNeg    + + +      Spirit   .   h - +0 ring mail
rPois   ∞          Reflect  .   j - +0 helmet
rElec   .          Harm     .   (no cloak)
rCorr   .          Rampage  .   (no gloves)
Will    .....                   (no boots)
Stlth   ..........              (no amulet)
HPRegen 0.00/turn               (no ring)
MPRegen 0.10/turn               (no ring)

@: mighty, inhibited regen, slowed, lost dexterity, very slow
A: claws 1, cold resistance 1, negative energy resistance 3, inhibited
regeneration, torment resistance 2, devour on kill
a: no special abilities


You were in a sewer.
You visited 1 branch of the dungeon, and saw 3 of its levels.
You also visited: Sewer.

You collected 67 gold pieces.

Inventory:

Missiles
 a - 5 stones
 c - 7 boomerangs of dispersal (quivered)
Armour
 h - a +0 ring mail (worn)
 j - a +0 helmet (worn)
Scrolls
 b - 2 scrolls of blinking
 e - a scroll of fear {unknown}
 f - 2 scrolls of identify {unknown}
 l - a scroll of teleportation {unknown}
Potions
 d - a potion of mutation {unknown}
 i - a potion of magic


   Skills:
 + Level 3.6 Fighting
 - Level 0.8 Throwing
 - Level 0.8 Armour
 - Level 1.7 Dodging
 + Level 3.7 Unarmed Combat
 - Level 1.7 Spellcasting
 + Level 3.6 Translocations


You had 5 spell levels left.
You knew the following spells:

 Your Spells              Type           Power      Damage    Failure   Level
b - Blink                 Tloc           12%        N/A       22%         2

Your spell library contained the following spells:

 Spells                   Type           Power      Damage    Failure   Level
 Gell's Gravitas          Tloc           6%         N/A       41%         3
 Lesser Beckoning         Tloc           6%         N/A       41%         3
 Teleport Other           Tloc           6%         N/A       41%         3
 Ensorcelled Hibernation  Hex/Ice        0%         N/A       71%         2
 Passwall                 Tmut/Erth      0%         N/A       71%         2
 Swiftness                Air            0%         N/A       90%         3
 Manifold Assault         Tloc           6%         N/A       99%         5


Dungeon Overview and Level Annotations

Branches:
Dungeon (3/15)              Sewer (1/1)

Altars:

Shops:
D:1 (

Annotations:
Sewer Grinder


Innate Abilities, Weirdness & Mutations

You are immune to poison.
You have sharp fingernails.
Your flesh is cold resistant. (rC+)
You are immune to negative energy. (rN+++)
You do not regenerate when monsters are visible.
You are immune to unholy pain and torment.
You thrive by killing the living.


Message History

The kobold brigand throws a poisoned dart.
The poisoned dart hits you!
You claw the quasit!
The quasit is severely wounded.
The quasit bites you but does no damage.
The quasit claws you but does no damage. x2
The quasit bites you but does no damage.
The quasit claws you but does no damage.
The quasit claws you.
* * * LOW HITPOINT WARNING * * *
You feel clumsy.
You miss the quasit.
The quasit is severely wounded.
The quasit bites you but does no damage.
The quasit claws you but does no damage. x2
The quasit bites you but does no damage.
The quasit claws you but does no damage.
The quasit claws you.
* * * LOW HITPOINT WARNING * * *
You closely miss the quasit.
The quasit is severely wounded.
You feel stable enough to blink again.
Grinder blinks!
The quasit bites you but does no damage.
The quasit claws you but does no damage. x2
The kobold brigand hits you with a +0 short sword.
* * * LOW HITPOINT WARNING * * *
You miss the quasit.
The quasit is severely wounded.
The quasit bites you but does no damage.
The quasit claws you but does no damage.
The quasit claws you.
* * * LOW HITPOINT WARNING * * *
The quasit barely misses you.
The quasit claws you but does no damage. x2
You miss the quasit.
The quasit is severely wounded.
The quasit bites you but does no damage.
The quasit claws you.
You die...

.....#..5#.K.K..#≈~≈#
#+#######≈#######K#≈≈≈#
#......#≈≈≈#K....K#≈.≈#
#~.~~..#≈≈≈#K.KK≈~#.~≈#
#≈~≈≈~...≈...≈≈≈~~#≈≈≈#
#≈≈≈≈~≈#...#5~≈≈≈≈#≈≈≈#
#≈≈≈≈≈≈#K5.≈≈≈≈≈≈≈#≈≈≈#
#≈≈≈≈≈≈#5K.#~≈≈≈≈≈#
#≈≈≈≈≈≈≈@K.#≈≈≈≈≈≈#
#≈≈≈≈≈≈#...#≈≈≈≈≈≈#
#≈≈≈≈≈≈#...≈≈≈≈≈≈≈#~≈≈#
#≈≈≈≈≈≈≈...≈≈≈≈≈≈≈#≈≈≈#
#≈≈≈≈≈≈#...#≈≈≈≈≈≈#≈≈≈#
#≈≈≈≈≈≈#...≈≈≈≈≈≈≈#≈≈≈#
#≈≈≈≈≈≈~...#~≈≈≈≈ #~≈≈#
#≈≈≈≈≈≈#...#≈≈≈≈≈ #≈≈≈#
#≈≈≈≈≈≈#...# ≈≈≈≈ #≈~≈#


You could see a kobold brigand, a quasit, 2 ufetubi and 6 kobolds.

Vanquished Creatures
  A quasit (Sewer)
  3 adders
  A shadow imp (Sewer)
  An ufetubus (Sewer)
  An adder zombie (Sewer)
  An orc (D:3)
  6 bats
  6 endoplasms
  4 giant cockroaches
  2 goblins (D:1)
  6 hobgoblins
  4 quokkas
  4 ball pythons
  3 frilled lizards
  A giant cockroach zombie (Sewer)
  2 kobolds
  2 kobold zombies (Sewer)
  4 rats (D:1)
52 creatures vanquished.

Vanquished Creatures (others)
  An adder zombie (Sewer)
  2 endoplasms (Sewer)
  A giant cockroach zombie (Sewer)
4 creatures vanquished.

Grand Total: 56 creatures vanquished

Notes
Turn   | Place    | Note
-------+----------+-------------------------------------------
     0 | D:1      | ThatPearl the Ghoul Warper began the quest for the Orb.
     0 | D:1      | Reached XP level 1. HP: 17/17 MP: 2/2
    71 | D:1      | Reached XP level 2. HP: 22/25 MP: 3/3
   460 | D:1      | Learned a level 2 spell: Blink
   802 | D:1      | Found Qironig's Weapon Shop.
   810 | D:1      | Reached XP level 3. HP: 26/30 MP: 4/4
   949 | D:2      | Found a faded altar of an unknown god.
  1249 | D:2      | Reached XP level 4. HP: 38/38 MP: 5/5
  1404 | D:3      | Found a glowing drain.
  1419 | Sewer    | Entered a sewer
  1819 | Sewer    | Found a burning altar of Makhleb.
  1828 | Sewer    | Noticed a kobold brigand
  1829 | Sewer    | Noticed Grinder
  1839 | Sewer    | Reached XP level 5. HP: 32/46 MP: 6/6
  1850 | Sewer    | Lost dexterity.
  1881 | Sewer    | HP: 2/46 [kobold brigand/+0 short sword (3)]
  1883 | Sewer    | Slain by a quasit

Illustrated notes

Levels and vault maps discovered:
D:1:      minmay_arrival_stone_box, layout_loops_cross, serial_shops,
          nicolae_lakefront_shop, minmay_misc_feat_more_columns
D:2:      layout_rooms, nicolae_ecumenical_oubliette, basic_altar
D:3:      layout_loops_ring, mainiacjoe_overflow_surrounded_room,
          cheibrodos_sewer_entry_sluice, serial_shops, nicolae_shop_statue_plus,
          serial_bayou_pond_b, grunt_decor_junction
Sewer:    kennysheep_sewer_church

Skill      XL: |  1  2  3 |
---------------+----------+-----
Translocations | 3 |  3.6
Unarmed Combat | 3 |  3.7
Fighting       | 3 |  3.6
Throwing       | |  0.8
Armour         | |  0.8
Dodging        | |  1.7
Spellcasting   | |  1.7

Action                   |  1- 3 |  4- 6 || total
-------------------------+-------+-------++-------
Melee: Unarmed           |   113 |   101 ||   214
       Punch             |     1 |     3 ||     4
 Cast: Blink             |       |     1 ||     1
  Use: Potion            |       |     5 ||     5
Armor: Leather armour    |     9 |       ||     9
       Ring mail         |    31 |   191 ||   222
Dodge: Dodged            |    59 |   105 ||   164
